 Dungeon Crawl Stone Soup version 0.26.0-10-g1f06aea511 (webtiles) character file.

Game seed: 3068360623028290437

46 Borgoz the Slasher (level 3, -2/30 HPs)
             Began as a Ghoul Gladiator on Jan 30, 2021.
             Slain by a hobgoblin (6 damage)
             ... led by Robin
             ... on level 2 of the Dungeon.
             The game lasted 00:01:57 (1114 turns).

Borgoz the Slasher (Ghoul Gladiator)                Turns: 1114, Time: 00:01:58

Health: -2/30      AC:  6    Str: 17    XL:     3   Next: 68%
Magic:  2/2        EV: 11    Int:  3    God:
Gold:   95         SH:  0    Dex: 11    Spells: 2/2 levels left

rFire    . . .     SeeInvis .   i - -1 dagger (curse)
rCold    + . .     Faith    .   (no shield)
rNeg     + + +     Spirit   .   k - +0 ring mail
rPois    ∞         Reflect  .   c - +0 helmet
rElec    .         Harm     .   (no cloak)
rCorr    .         Rampage  .   (no gloves)
Will     .....                  (no boots)
Stlth    +.........             (no amulet)
HPRegen  0.00/turn              (no ring)
MPRegen  0.08/turn              (no ring)

@: mighty, attractive
A: claws 1, cold resistance 1, negative energy resistance 3, inhibited
regeneration, torment resistance, unbreathing
a: no special abilities


You were on level 2 of the Dungeon.
You visited 1 branch of the dungeon, and saw 2 of its levels.

You collected 95 gold pieces.

Inventory:

Hand Weapons
 a - a +0 long sword
 i - a cursed -1 dagger (weapon)
Missiles
 d - 3 throwing nets (quivered)
Armour
 c - a +0 helmet (worn)
 k - a +0 ring mail (worn)
Scrolls
 e - a scroll of magic mapping {unknown}
 f - a scroll of fear
 j - a scroll of enchant weapon {unknown}
Potions
 l - a potion of lignification


   Skills:
 + Level 2.7 Fighting
 * Level 3.2 Long Blades
 - Level 1.7 Throwing
 * Level 1.4 Armour
 + Level 2.9 Dodging


You had 2 spell levels left.
You didn't know any spells.
Your spell library was empty.

Dungeon Overview and Level Annotations

Branches:
Dungeon (2/15)

Altars:

Annotations:
D:2 Robin


Innate Abilities, Weirdness & Mutations

You thrive by killing the living.
You are immune to poison.
You have sharp fingernails.
Your flesh is cold resistant. (rC+)
You are immune to negative energy. (rN+++)
You do not regenerate when monsters are visible.
You are immune to unholy pain and torment.
You can survive without breathing.


Message History

* * * LOW HITPOINT WARNING * * *
You hit the goblin but do no damage.
The goblin is moderately wounded.
Robin hits you from afar with a +0 spear.
* * * LOW HITPOINT WARNING * * *
The goblin hits you but does no damage.
It was a potion of might.
You feel very mighty all of a sudden. The goblin barely misses you.
Robin closely misses you. The goblin closely misses you.
The hobgoblin barely misses you.
It was a potion of attraction.
You feel attractive to monsters.
The goblin no longer looks unusually strong.
The goblin closely misses you. Robin misses you. The goblin barely misses you.
You hit the goblin.
You kill the goblin!
Robin roars a battlecry!
The goblins go into a battle-frenzy!
The hobgoblin hits you.
You die...

>..# #....(. .....
...###... .......
....## .........
....... $....##
..####.#. #.....
....... .).......
#(.... .....#
....##### #...g
....# .#..##
#.gg#g..# ##...##
#######g(#
.###..#####....)@g##
..##...........####
#..#.##........#
##.#.##........#
#...##.......<#
##..##........#
#####........#
#........#
#........#


You could see Robin, a hobgoblin (strong) and a goblin (strong).

Vanquished Creatures
  2 oozes
  A worm (D:2)
  A dart slug (D:1)
  7 bats
  A giant cockroach (D:1)
  7 goblins
  4 hobgoblins (D:1)
  4 jackals (D:2)
  A ball python (D:1)
  A frilled lizard (D:1)
  2 kobolds (D:1)
  4 rats
35 creatures vanquished.

Notes
Turn   | Place    | Note
-------+----------+-------------------------------------------
     0 | D:1      | Borgoz the Ghoul Gladiator began the quest for the Orb.
     0 | D:1      | Reached XP level 1. HP: 17/17 MP: 0/0
    29 | D:1      | Reached XP level 2. HP: 14/24 MP: 1/1
   276 | D:1      | Reached skill level 3 in Long Blades
   276 | D:1      | Reached skill level 1 in Armour
   540 | D:1      | Reached XP level 3. HP: 30/30 MP: 2/2
  1082 | D:2      | Noticed Robin
  1114 | D:2      | Slain by a hobgoblin

Illustrated notes

Levels and vault maps discovered:
D:1:      erik_arrival_orb_chamber, layout_basic, hangedman_feature_mirror
D:2:      layout_rooms, nicolae_ru_sacrificial_ziggurat, uniq_robin

Skill      XL: |  1  2 |
---------------+-------+-----
Long Blades    | 3 |  3.2
Armour         | 1 |  1.4
Fighting       | |  2.7
Throwing       | |  1.7
Dodging        | |  2.9

Action                   || total
-------------------------++-------
Melee: Long sword        ||    55
       Dagger            ||    69
  Use: Potion            ||     4
       Scroll            ||     2
Armor: Leather armour    ||    42
       Ring mail         ||    37
Dodge: Dodged            ||   142
       Rpst.: Long sword ||    25
